[Event "Titled Tuesday Blitz April 19 Early 2022"]
[White "Karavade, Eesha"]
[Black "Goryachkina, Aleksandra"]
[WhiteFideId "5012600"]
[BlackFideId "4147103"]
[WhiteElo "2500"]
[BlackElo "2657"]
[Result "1/2-1/2"]
[Round "08"]
[TimeControl "180+1"]
[Date "2022.04.19"]
[WhiteClock "0:00:53"]
[BlackClock "0:00:08"]

1. d4 Nf6 2. c4 e6 3. Nf3 d5 4. Nc3 Nbd7 5. cxd5 exd5 6. Bf4 c6 7. e3 Bb4 8. Bd3 O-O 9. O-O Re8 10. h3 Nf8 11. Qb3 Bd6 12. Bxd6 Qxd6 13. Ne5 Qe7 14. Rae1 c5 15. Nxd5 Nxd5 16. Qxd5 Be6 17. Qxc5 Qxc5 18. dxc5 Bxa2 19. Nc4 Bxc4 20. Bxc4 Ne6 21. b4 a5 22. Bxe6 Rxe6 23. bxa5 Rxa5 24. Rb1 Rxc5 25. Rxb7 h5 26. Rd1 Rf6 27. Rb8+ Kh7 28. Rb2 Rfc6 29. e4 Rc1 30. Rd2 Rxd1+ 31. Rxd1 g6 32. h4 Kg7 33. g3 Rc4 34. Re1 Kf6 35. Kg2 Ke5 36. f4+ Kf6 37. Kf3 Rc3+ 38. Re3 Rc1 39. Rd3 Rf1+ 40. Ke2 Rg1 41. Kf2 Ra1 42. Rd6+ Ke7 43. e5 Ra3 44. Rb6 Rc3 45. Rb7+ Kf8 46. Rb2 Ra3 47. Re2 Rb3 48. Re3 Rb2+ 49. Kf3 Rb4 50. g4 hxg4+ 51. Kxg4 Rb1 52. Rg3 Rh1 53. Rb3 Rg1+ 54. Kf3 Rh1 55. Rb8+ Kg7 56. Rb7 Kf8 57. Kg4 Rg1+ 58. Kf3 Rh1 59. f5 gxf5 60. Kf4 Rxh4+ 61. Kg5 Rh1 62. Kf6 Rh6+ 63. Kxf5 Kg7 64. Rd7 Rh5+ 65. Kf4 Rh1 66. Kf5 Rf1+ 67. Ke4 Re1+ 68. Kf4 Rf1+ 69. Ke4 Re1+ 70. Kf5 Rf1+ 71. Ke4 1/2-1/2


[Site "https://www.chess.com"]

[Event "Titled Tuesday Blitz April 19 Early 2022"]
[White "Karavaeva, Olga"]
[Black "Markelova, Lubov"]
[WhiteFideId "4124111"]
[BlackFideId "24131369"]
[WhiteElo "2105"]
[BlackElo "1857"]
[Result "1-0"]
[Round "08"]
[TimeControl "180+1"]
[Date "2022.04.19"]
[WhiteClock "0:01:07"]
[BlackClock "0:00:06"]

1. c4 e5 2. Nc3 Nf6 3. g3 Bc5 4. e3 O-O 5. Bg2 Nc6 6. Nge2 d6 7. O-O a5 8. b3 Bf5 9. d4 exd4 10. Nxd4 Nxd4 11. exd4 Bb4 12. Bb2 Re8 13. Bxb7 Rb8 14. Bg2 Bxc3 15. Bxc3 Ne4 16. Bb2 Qg5 17. h4 Qh6 18. Re1 a4 19. Rc1 axb3 20. axb3 Rb4 21. Re3 Qg6 22. Qe1 Rbb8 23. h5 Qg4 24. f3 Qxg3 25. fxe4 Qxe1+ 26. Rcxe1 Bg4 27. h6 gxh6 28. Rg3 h5 29. Bh3 Kf8 30. Bxg4 hxg4 31. Rxg4 Rxb3 32. Rg2 c5 33. dxc5 dxc5 34. Bf6 Re6 35. e5 Rc3 36. Rd1 1-0


[Site "https://www.chess.com"]

[Event "Titled Tuesday Blitz April 19 Early 2022"]
[White "Kezin, Roman"]
[Black "Svane, Rasmus"]
[WhiteFideId "24124621"]
[BlackFideId "4657101"]
[WhiteElo "2570"]
[BlackElo "2645"]
[Result "0-1"]
[Round "08"]
[TimeControl "180+1"]
[Date "2022.04.19"]
[WhiteClock "0:00:01"]
[BlackClock "0:00:05"]

1. d4 Nf6 2. c4 e6 3. g3 d5 4. Bg2 Be7 5. Nf3 O-O 6. O-O dxc4 7. Qc2 a6 8. a4 Bd7 9. Bg5 Bc6 10. Bxf6 Bxf6 11. Rd1 b5 12. Nc3 Qe8 13. e4 g6 14. h4 Bg7 15. d5 exd5 16. exd5 Bb7 17. Re1 Qd7 18. Rad1 bxa4 19. Nxa4 Qb5 20. Nd4 Qb4 21. Nc3 Nd7 22. Nc6 Bxc6 23. dxc6 Nf6 24. Bf3 Rab8 25. Re2 Rfe8 26. Rde1 Rxe2 27. Rxe2 Qc5 28. Kg2 a5 29. Rd2 Bf8 30. Nd1 Bd6 31. Re2 Be5 32. Rd2 Kg7 33. Re2 h5 34. Qc1 Bd4 35. Nc3 Rd8 36. Ne4 Qxc6 37. Ng5 Qc5 38. Qc2 Rb8 39. Qc1 a4 40. Qd1 Rxb2 41. Rxb2 Bxb2 42. Qxa4 Bd4 43. Qa2 Nd7 44. Ne4 Qb4 45. Be2 Ne5 46. Ng5 Qb7+ 47. Kf1 Qh1# 0-1


[Site "https://www.chess.com"]

[Event "Titled Tuesday Blitz April 19 Early 2022"]
[White "Kobo, Ori"]
[Black "Ning, Kaiyu"]
[WhiteFideId "2812320"]
[BlackFideId "8614750"]
[WhiteElo "2420"]
[BlackElo "2013"]
[Result "1-0"]
[Round "08"]
[TimeControl "180+1"]
[Date "2022.04.19"]
[WhiteClock "0:00:15"]
[BlackClock "0:00:29"]

1. Nc3 d5 2. d4 Nf6 3. Bg5 Nbd7 4. Qd3 c5 5. Bxf6 Nxf6 6. dxc5 e6 7. e4 a6 8. exd5 exd5 9. O-O-O Be6 10. Qd4 Rc8 11. b4 g6 12. Nf3 Bg7 13. Qh4 h6 14. Nd4 O-O 15. Bd3 a5 16. a3 axb4 17. axb4 Ng4 18. Qxd8 Rfxd8 19. Nxe6 fxe6 20. Nb5 Nxf2 21. Bxg6 Ra8 22. Kd2 Ra4 23. Bf7+ Kh7 24. Bxe6 Rxb4 25. Rb1 Rxb5 26. Rxb5 Nxh1 27. Rxb7 Nf2 28. Bf5+ Kg8 29. c6 Ne4+ 30. Kc1 Nd6 31. Be6+ Kf8 32. Rb3 d4 33. c7 Re8 34. Rb8 Be5 35. h3 Nc8 36. Rxc8 Rxc8 37. Bxc8 Bxc7 38. Kd2 Be5 39. Kd3 Ke7 40. Bg4 Kd6 41. Bf3 Bf6 42. Ke4 Bg7 43. Kf5 Ke7 44. Kg6 Kf8 45. Be4 Kg8 46. Bd3 Kh8 47. Kf7 h5 48. Kg6 h4 49. Kg5 Kg8 50. Kxh4 Kf7 51. Kg5 Bf6+ 52. Kf5 Bh4 53. g4 Kg7 54. Ke4 Bf6 55. Kf5 Bh4 56. g5 Bf2 57. Kg4 Be3 58. h4 Bf2 59. h5 Be3 60. h6+ Kh8 61. Kh5 Bf4 62. g6 Be5 63. g7+ 1-0


[Site "https://www.chess.com"]

[Event "Titled Tuesday Blitz April 19 Early 2022"]
[White "Koelle, Tobias"]
[Black "Bachmann, Axel"]
[WhiteFideId "16207378"]
[BlackFideId "3700488"]
[WhiteElo "2541"]
[BlackElo "2587"]
[Result "1-0"]
[Round "08"]
[TimeControl "180+1"]
[Date "2022.04.19"]
[WhiteClock "0:01:08"]
[BlackClock "0:00:02"]

1. Nf3 Nf6 2. c4 g6 3. Nc3 Bg7 4. d4 O-O 5. e4 d6 6. Be2 Na6 7. O-O e5 8. Be3 Qe7 9. dxe5 dxe5 10. Nd5 Qd8 11. Qc2 c6 12. Nxf6+ Bxf6 13. c5 Nc7 14. Rad1 Qe7 15. h3 Be6 16. b4 Rfd8 17. a4 Rxd1 18. Rxd1 Rd8 19. b5 cxb5 20. axb5 Rxd1+ 21. Qxd1 Qd7 22. Qb1 a5 23. c6 bxc6 24. b6 Nb5 25. Qa1 Qb7 26. Qxa5 Bd7 27. Nd2 Bd8 28. Nb3 1-0


[Site "https://www.chess.com"]

[Event "Titled Tuesday Blitz April 19 Early 2022"]
[White "Korchmar, Vasiliy"]
[Black "Fonseca Manrique, Enrique"]
[WhiteFideId "24131750"]
[BlackFideId "5114330"]
[WhiteElo "2801"]
[BlackElo "2559"]
[Result "1-0"]
[Round "08"]
[TimeControl "180+1"]
[Date "2022.04.19"]
[WhiteClock "0:02:43"]
[BlackClock "0:01:38"]

1. d4 Nf6 2. Bf4 e6 3. e3 b6 4. Nf3 Bb7 5. Nbd2 Be7 6. h3 d6 7. Bd3 Nbd7 8. Qe2 c5 9. c3 O-O 10. a3 Re8 11. e4 Nf8 12. e5 Nd5 13. Bg3 cxd4 14. cxd4 dxe5 15. dxe5 Ng6 16. Bxg6 hxg6 17. O-O Rc8 18. Ne4 Qd7 19. Nfg5 Bf8 20. Qg4 Rc4 21. Qh4 1-0


[Site "https://www.chess.com"]

[Event "Titled Tuesday Blitz April 19 Early 2022"]
[White "Kosteniuk, Alexandra"]
[Black "Oganian, Miran"]
[WhiteFideId "4128125"]
[BlackFideId "4122488"]
[WhiteElo "2469"]
[BlackElo "2357"]
[Result "0-1"]
[Round "08"]
[TimeControl "180+1"]
[Date "2022.04.19"]
[WhiteClock "0:00:09"]
[BlackClock "0:00:08"]

1. e4 e6 2. d4 d5 3. exd5 exd5 4. Nf3 Nc6 5. h3 Bd6 6. c4 dxc4 7. Bxc4 Qe7+ 8. Be3 Nf6 9. O-O Be6 10. Bb5 O-O 11. Nc3 Nb4 12. Bg5 Nbd5 13. Re1 Qd8 14. Ne5 Be7 15. Bd3 h6 16. Bh4 c6 17. Bb1 c5 18. dxc5 Nxc3 19. bxc3 Qxd1 20. Rxd1 g5 21. Bg3 Bxc5 22. Bc2 Rac8 23. Nf3 Nd5 24. Be5 Bb6 25. c4 Nb4 26. Bb3 Rfd8 27. Bd6 Na6 28. Ne5 Nc5 29. Ng4 Bxg4 30. hxg4 Ne4 31. c5 Bxc5 32. Bxc5 Nxc5 33. Bd5 Rd7 34. Rac1 b6 35. Bf3 Rcd8 36. Rxd7 Rxd7 37. Rc2 Kg7 38. g3 Kf6 39. Kg2 Rd4 40. Be2 Ke7 41. Bc4 f6 42. Rc1 Kd6 43. Bf7 Rd2 44. Rh1 Nd3 45. Kf3 Ne5+ 46. Ke3 Rb2 47. Bb3 Nxg4+ 48. Kf3 f5 49. Rd1+ Ke7 50. Re1+ Kf8 51. Re2 Rxe2 52. Kxe2 Ke7 53. f3 Ne5 54. Ke3 Kd6 55. Bc2 Ke6 56. Bb3+ Kf6 57. Bd5 Ng6 58. Bc6 f4+ 59. gxf4 Nxf4 60. Kf2 h5 61. Kg3 h4+ 62. Kg4 h3 63. Kg3 Ke5 64. Bd7 a5 65. a4 Kd4 66. Kh2 Ke3 67. Kg3 h2 68. Kxh2 Kxf3 69. Bc6+ Kf2 70. Bd7 Kf3 71. Bc6+ Kg4 72. Bd7+ Kh4 73. Bc6 g4 74. Bb5 g3+ 75. Kg1 Kg5 76. Bc6 Kf6 77. Bb5 Ke5 78. Bc6 Kd4 79. Bb5 Kc5 80. Be8 Kb4 81. Bd7 Nd5 82. Kg2 Nc3 83. Kxg3 Nxa4 84. Kf2 Nc3 85. Ke3 a4 86. Kd2 Kb3 87. Kc1 b5 88. Be6+ Ka3 89. Kc2 Ne4 90. Kb1 b4 91. Bf5 Nc5 92. Kc2 b3+ 93. Kb1 Kb4 0-1


[Site "https://www.chess.com"]

[Event "Titled Tuesday Blitz April 19 Early 2022"]
[White "Kozak, Antoni"]
[Black "Aaditya Dhingra"]
[WhiteFideId "21832030"]
[BlackFideId "25678191"]
[WhiteElo "2236"]
[BlackElo "1849"]
[Result "0-1"]
[Round "08"]
[TimeControl "180+1"]
[Date "2022.04.19"]
[WhiteClock "0:00:03"]
[BlackClock "0:00:14"]

1. e4 e5 2. Nf3 Nc6 3. Bc4 Nf6 4. d3 Be7 5. O-O O-O 6. Re1 d6 7. c3 Na5 8. Bb5 a6 9. Ba4 b5 10. Bc2 c5 11. Nbd2 Qc7 12. Nf1 h6 13. Ng3 Rd8 14. d4 Bg4 15. d5 c4 16. h3 Bd7 17. Nh4 Bf8 18. Nhf5 Kh7 19. f4 exf4 20. Bxf4 g6 21. Nd4 Re8 22. Qf3 Bg7 23. Rf1 Nb7 24. Rae1 Nc5 25. Nh1 a5 26. Nf2 b4 27. g4 bxc3 28. bxc3 Ba4 29. Bb1 Nfd7 30. Qg3 Ne5 31. g5 h5 32. Nf3 Ncd7 33. Nxe5 Nxe5 34. Nd1 Kg8 35. Be3 Rab8 36. Bd4 Rxb1 37. Ne3 Rxe1 38. Rxe1 Nd3 39. Rf1 Rxe4 40. Bxg7 Kxg7 41. Qf3 Qe7 42. Ng2 Re5 43. h4 Bd7 44. Kh2 Rf5 45. Qd1 Qe5+ 46. Kg1 Rxf1+ 47. Qxf1 Qxc3 48. Qe2 Qd4+ 49. Kh1 Ne5 50. Qf1 Ng4 51. Qe1 c3 52. Qe7 c2 53. Qxd7 c1=Q+ 54. Ne1 Qxe1+ 55. Kg2 Qef2+ 56. Kh3 Qde3# 0-1


[Site "https://www.chess.com"]

[Event "Titled Tuesday Blitz April 19 Early 2022"]
[White "Krishna, C R G"]
[Black "Sjugirov, Sanan"]
[WhiteFideId "5018625"]
[BlackFideId "4189302"]
[WhiteElo "2332"]
[BlackElo "2602"]
[Result "1/2-1/2"]
[Round "08"]
[TimeControl "180+1"]
[Date "2022.04.19"]
[WhiteClock "0:00:38"]
[BlackClock "0:00:19"]

1. d4 Nf6 2. Nf3 d5 3. c4 e6 4. g3 Bb4+ 5. Bd2 Be7 6. Bg2 c6 7. O-O O-O 8. Qc2 b6 9. Nc3 Bb7 10. Bf4 dxc4 11. Ne5 Nd5 12. Nxc4 Nxf4 13. gxf4 Nd7 14. Rfd1 Rc8 15. Rac1 Qc7 16. e3 Rfd8 17. a3 Qb8 18. b4 Nf6 19. Rb1 g6 20. Ne5 Nd5 21. Ne4 Qa8 22. Qb3 Rc7 23. Rdc1 Rdc8 24. Nd3 Qb8 25. Rc2 Qa8 26. Rbc1 a5 27. Nc3 Bd6 28. Ne4 Be7 29. Nc3 Bd6 30. Ne4 Be7 1/2-1/2


[Site "https://www.chess.com"]

[Event "Titled Tuesday Blitz April 19 Early 2022"]
[White "Krsnik Cohar, Ivan Vihor"]
[Black "Svane, Frederik"]
[WhiteFideId "14520044"]
[BlackFideId "12923044"]
[WhiteElo "2414"]
[BlackElo "2459"]
[Result "0-1"]
[Round "08"]
[TimeControl "180+1"]
[Date "2022.04.19"]
[WhiteClock "0:00:18"]
[BlackClock "0:00:12"]

1. d4 Nf6 2. Bg5 e6 3. Nd2 c5 4. e3 cxd4 5. exd4 Be7 6. Bxf6 Bxf6 7. Ngf3 Nc6 8. c3 d5 9. Bd3 O-O 10. O-O Qd6 11. Re1 Rb8 12. a3 g6 13. Qe2 Bg7 14. h3 Bd7 15. Ne5 Nxe5 16. dxe5 Qc7 17. Kh1 b5 18. f4 a5 19. Rac1 Qa7 20. Nf3 Rfc8 21. g4 b4 22. axb4 axb4 23. f5 bxc3 24. bxc3 Qa3 25. f6 Bf8 26. c4 Rb2 27. Qd1 dxc4 28. Be4 Ba4 29. Qd4 c3 30. Re3 Rb4 31. Rcxc3 Qa1+ 32. Kh2 Rxd4 33. Rxc8 Bd7 34. Rd8 Qa5 35. Ra8 Rxe4 36. Rxa5 Rxe3 37. Nd4 Rd3 38. Nf5 gxf5 39. g5 Rd5 40. Ra7 Rxe5 41. Rxd7 f4 42. h4 h6 43. g6 fxg6 44. Kh3 Rf5 45. Kg4 f3 46. h5 gxh5+ 47. Kg3 f2 48. f7+ Rxf7 49. Rxf7 Kxf7 50. Kxf2 Kf6 51. Kg3 e5 52. Kf3 Kf5 53. Ke3 e4 0-1


[Site "https://www.chess.com"]

[Event "Titled Tuesday Blitz April 19 Early 2022"]
[White "Krylov, Ivan"]
[Black "Piliczewski, Bogusz"]
[WhiteFideId "24128066"]
[BlackFideId "1104144"]
[WhiteElo "2258"]
[BlackElo "1896"]
[Result "1-0"]
[Round "08"]
[TimeControl "180+1"]
[Date "2022.04.19"]
[WhiteClock "0:00:25"]
[BlackClock "0:00:24"]

1. e4 c6 2. d4 d5 3. exd5 cxd5 4. c4 Nf6 5. Nc3 Nc6 6. Nf3 a6 7. cxd5 Nxd5 8. Bd3 Bg4 9. Nxd5 Qxd5 10. Be3 Bxf3 11. gxf3 e6 12. Be4 Bb4+ 13. Ke2 Qd6 14. Rc1 Rc8 15. Qa4 O-O 16. Bxc6 Rxc6 17. Rxc6 bxc6 18. Qxa6 Qd5 19. Rc1 Qb5+ 20. Qxb5 cxb5 21. a3 Be7 22. h3 Rd8 23. Rc7 Bf6 24. Rb7 g6 25. Rxb5 Bxd4 26. Bxd4 Rxd4 27. b4 f5 28. a4 Rc4 29. a5 Rc2+ 30. Kf1 Rc3 31. a6 Rc7 32. Rb8+ Kf7 33. Rb7 1-0


[Site "https://www.chess.com"]

[Event "Titled Tuesday Blitz April 19 Early 2022"]
[White "Lach, Aleksandra"]
[Black "Jaferian, Koosha"]
[WhiteFideId "1134299"]
[BlackFideId "12507440"]
[WhiteElo "2172"]
[BlackElo "2030"]
[Result "0-1"]
[Round "08"]
[TimeControl "180+1"]
[Date "2022.04.19"]
[WhiteClock "0:00:08"]
[BlackClock "0:00:09"]

1. e4 c6 2. d4 d5 3. exd5 cxd5 4. Bd3 Nc6 5. c3 Qc7 6. Ne2 Bg4 7. O-O e6 8. Qe1 Nf6 9. f3 Bh5 10. Nf4 Bg6 11. Qh4 Bxd3 12. Nxd3 Be7 13. Bf4 Qb6 14. Qf2 O-O 15. a4 Na5 16. b4 Nc4 17. Nd2 Rac8 18. Nb3 Qd8 19. a5 Bd6 20. Be5 Qe7 21. Rfe1 Nd7 22. Rac1 Rfe8 23. f4 f6 24. Bxd6 Qxd6 25. Qf3 b6 26. axb6 axb6 27. Re2 Ra8 28. Rce1 Ra3 29. Ndc1 Nf8 30. f5 e5 31. dxe5 Nxe5 32. Qf4 Qc7 33. Qd4 Qc4 34. h3 Rxb3 35. Nxb3 Qxb3 36. Qxb6 Qxc3 37. Qc5 Qd3 38. Re3 Qxf5 39. Qxd5+ Kh8 40. Kh1 Ne6 41. Rg3 Rd8 42. Qb7 Ng5 43. Qc7 Ngf7 44. Kh2 Qf4 45. Re3 Nf3+ 46. Rxf3 Qxc7 47. h4 Ne5 48. h5 Nxf3+ 0-1


[Site "https://www.chess.com"]

[Event "Titled Tuesday Blitz April 19 Early 2022"]
[White "Le, Tuan Minh"]
[Black "Sapunov, Evgeny"]
[WhiteFideId "12401153"]
[BlackFideId "4126661"]
[WhiteElo "2450"]
[BlackElo "2470"]
[Result "1-0"]
[Round "08"]
[TimeControl "180+1"]
[Date "2022.04.19"]
[WhiteClock "0:00:06"]
[BlackClock "0:00:16"]

1. d4 Nf6 2. Nf3 g6 3. Bg5 Bg7 4. Nbd2 d5 5. c3 Nbd7 6. e3 c5 7. Bd3 O-O 8. O-O b6 9. a4 a6 10. h3 Bb7 11. Qe2 Qc8 12. Rfe1 Bc6 13. Ne5 Nxe5 14. dxe5 Nd7 15. e6 fxe6 16. Bxe7 Re8 17. Bh4 c4 18. Bc2 b5 19. Nf3 e5 20. axb5 axb5 21. Ng5 Nc5 22. Nxh7 Nd3 23. Ng5 Nxe1 24. Rxa8 Bxa8 25. Bxg6 Nd3 26. Qh5 Re7 27. Bh7+ Kf8 28. Bf5 Qe8 29. Bg6 Qd7 30. Qf3+ Kg8 31. Bh7+ Kh8 32. Qh5 Qd6 33. Bxd3+ Qh6 34. Bg6 Qxh5 35. Bxh5 Ra7 36. Ne6 Ra2 37. f4 exf4 38. exf4 Rxb2 39. f5 d4 40. f6 Rxg2+ 41. Kf1 Bh6 42. f7 Rh2 43. Bf6+ Kh7 44. Ng5+ Bxg5 45. f8=Q Bxf6 46. Qxf6 d3 47. Bg6+ Kh6 48. Be4+ Kh5 49. Qg6+ Kh4 50. Qg4# 1-0


[Site "https://www.chess.com"]

[Event "Titled Tuesday Blitz April 19 Early 2022"]
[White "Lewtak, Damian"]
[Black "Pires, Marcos Vinicius Torsani"]
[WhiteFideId "1141724"]
[BlackFideId "2118939"]
[WhiteElo "2362"]
[BlackElo "2273"]
[Result "1-0"]
[Round "08"]
[TimeControl "180+1"]
[Date "2022.04.19"]
[WhiteClock "0:01:59"]
[BlackClock "0:00:31"]

1. e4 c5 2. Nf3 g6 3. h4 d5 4. exd5 Nf6 5. c4 e6 6. dxe6 Bxe6 7. d4 cxd4 8. Nxd4 Bg4 9. Be2 Bb4+ 10. Nc3 Bxe2 11. Qxe2+ Qe7 12. Qxe7+ Bxe7 13. Bg5 O-O 14. O-O-O Nc6 15. Nxc6 bxc6 16. Rhe1 Rfe8 17. Rxe7 Rxe7 18. Bxf6 Re6 19. Bg5 Kg7 20. Be3 a5 21. Kc2 h6 22. Rd7 Rae8 23. b3 R8e7 24. Rxe7 Rxe7 25. a3 f5 26. b4 axb4 27. axb4 Re8 28. b5 cxb5 29. cxb5 Kf6 30. Bxh6 Ke5 31. Be3 Kd6 32. Kd3 Rh8 33. g3 Ra8 34. Kc4 Ra1 35. Bc5+ Kc7 36. Kd5 Rc1 37. Bd4 Rc2 38. Na4 Rc1 39. Nc5 Rb1 40. Ne6+ Kb7 41. b6 Rb5+ 42. Bc5 Rb2 43. Nf4 Rd2+ 44. Bd4 Kc8 45. Nxg6 Kd7 46. Ne5+ Kc8 47. Kc6 Rxd4 48. b7+ Kb8 49. Nd7+ 1-0


[Site "https://www.chess.com"]

[Event "Titled Tuesday Blitz April 19 Early 2022"]
[White "Liyanage, Ranindu Dilshan"]
[Black "Warchol, Kamil"]
[WhiteFideId "9915834"]
[BlackFideId "21858241"]
[WhiteElo "1858"]
[BlackElo "1910"]
[Result "1-0"]
[Round "08"]
[TimeControl "180+1"]
[Date "2022.04.19"]
[WhiteClock "0:01:44"]
[BlackClock "0:00:57"]

1. d4 d6 2. Nc3 e5 3. Nf3 exd4 4. Nxd4 Nc6 5. Bf4 Bd7 6. Qd2 Nf6 7. O-O-O Be7 8. e3 a5 9. Be2 Nb4 10. a3 Nbd5 11. Nxd5 Nxd5 12. Bg3 c6 13. e4 Nc7 14. f4 O-O 15. h4 Bf6 16. Bf2 Re8 17. Bf3 Qc8 18. Ne2 d5 19. e5 Be7 20. h5 Bg4 21. Nd4 c5 22. Ne2 Qe6 23. Ng3 b5 24. Qe2 b4 25. Bxg4 1-0


[Site "https://www.chess.com"]

[Event "Titled Tuesday Blitz April 19 Early 2022"]
[White "Lysyj, Igor"]
[Black "Ingebretsen, Jens E"]
[WhiteFideId "4150120"]
[BlackFideId "1522965"]
[WhiteElo "2774"]
[BlackElo "2553"]
[Result "1-0"]
[Round "08"]
[TimeControl "180+1"]
[Date "2022.04.19"]
[WhiteClock "0:01:53"]
[BlackClock "0:00:36"]

1. d4 Nf6 2. c4 e6 3. Nf3 d5 4. g3 Be7 5. Bg2 O-O 6. Qb3 c6 7. O-O b6 8. Rd1 a5 9. Bf4 Ba6 10. Nbd2 Nbd7 11. Rac1 c5 12. e3 Rc8 13. Ne5 cxd4 14. exd4 dxc4 15. Ndxc4 Nxe5 16. dxe5 Bxc4 17. Rxd8 Bxb3 18. Rdxc8 1-0


[Site "https://www.chess.com"]

[Event "Titled Tuesday Blitz April 19 Early 2022"]
[White "Maksimenko, Viktor"]
[Black "Constantinou, Peter"]
[WhiteFideId "13710478"]
[BlackFideId "413038"]
[WhiteElo "2269"]
[BlackElo "2230"]
[Result "1-0"]
[Round "08"]
[TimeControl "180+1"]
[Date "2022.04.19"]
[WhiteClock "0:00:08"]
[BlackClock "0:00:02"]

1. d4 g6 2. e4 Bg7 3. Nc3 d6 4. g3 Nf6 5. Bg2 O-O 6. Nge2 e5 7. h3 c6 8. a4 a5 9. O-O Na6 10. Be3 Nb4 11. Qd2 Be6 12. b3 d5 13. Rad1 Nxe4 14. Nxe4 dxe4 15. c3 Nd5 16. dxe5 Nxe3 17. Qxe3 Qc7 18. Nd4 Qxe5 19. Nxe6 Qxe6 20. Qxe4 Qxb3 21. Rb1 Qxc3 22. Rxb7 Rac8 23. Rd1 Rfd8 24. Rdd7 Rxd7 25. Rxd7 c5 26. Qd5 Rf8 27. Bf1 Bd4 28. Kg2 Qc2 29. Qf3 Qxa4 30. Rb7 Qc2 31. Bd3 Qc3 32. Qe2 a4 33. Bc4 Kg7 34. Qe6 Kh6 35. Qe2 a3 36. Bxf7 a2 37. Qxa2 Qd3 38. Qd5 Qf5 39. Qxf5 gxf5 40. f4 Ra8 41. g4 fxg4 42. hxg4 Ra3 43. Bg8 Re3 44. Rxh7+ Kg6 45. Rc7 Kf6 46. Bh7 Rc3 47. Be4 Ke6 48. Rc6+ Kd7 49. g5 Re3 50. Bd5 Re8 51. Ra6 Rf8 52. Kf3 c4 53. Ke4 c3 54. Kxd4 c2 55. Ra1 Rxf4+ 56. Ke5 Rf2 57. Rc1 Re2+ 58. Be4 Ke7 59. Rxc2 Re3 60. Rc7+ Kf8 61. Kf6 Re2 62. Rc8# 1-0


[Site "https://www.chess.com"]

[Event "Titled Tuesday Blitz April 19 Early 2022"]
[White "Marczuk, Dominik"]
[Black "Lopez, Henry"]
[WhiteFideId "1111264"]
[BlackFideId "5203830"]
[WhiteElo "1912"]
[BlackElo "2177"]
[Result "1-0"]
[Round "08"]
[TimeControl "180+1"]
[Date "2022.04.19"]
[WhiteClock "0:01:31"]
[BlackClock "0:01:20"]

1. e4 e5 2. Nf3 Nc6 3. Bc4 Bc5 4. O-O Nf6 5. d3 d6 6. c3 O-O 7. Bb3 Bb6 8. Nbd2 a6 9. Re1 h6 10. Nf1 Be6 11. Bc2 d5 12. Qe2 dxe4 13. dxe4 Qe7 14. Ng3 Rfd8 15. h3 Kh7 16. Nh4 g6 17. Qf3 Ng4 18. Nhf5 Bxf2+ 19. Qxf2 Nxf2 20. Nxe7 Nd3 21. Bxd3 Rxd3 22. Nxc6 Rxg3 23. Kf2 1-0


[Site "https://www.chess.com"]

[Event "Titled Tuesday Blitz April 19 Early 2022"]
[White "Martic, Ivan"]
[Black "Ajay Krishna, S"]
[WhiteFideId "929301"]
[BlackFideId "5096430"]
[WhiteElo "2317"]
[BlackElo "2247"]
[Result "1-0"]
[Round "08"]
[TimeControl "180+1"]
[Date "2022.04.19"]
[WhiteClock "0:00:20"]
[BlackClock "0:00:09"]

1. e4 c5 2. Nf3 d6 3. d4 cxd4 4. Nxd4 Nf6 5. Nc3 a6 6. Bg5 e6 7. f4 h6 8. Bh4 Qb6 9. a3 Be7 10. Bf2 Qc7 11. Qf3 Nbd7 12. O-O-O b5 13. Bd3 Bb7 14. Rhe1 Nc5 15. Kb1 Rb8 16. Qg3 O-O 17. e5 dxe5 18. fxe5 Nfd7 19. Bf1 Rfd8 20. Be3 Kh8 21. Qh3 Nf8 22. Bxh6 gxh6 23. Qxh6+ Nh7 24. Re3 Bg5 25. Qh3 Bxe3 26. Qxe3 Nd7 27. Qh6 Qxe5 28. Bd3 Nf6 29. Rf1 Rxd4 30. Bxh7 Nxh7 31. Rxf7 Be4 32. Nxe4 Rd1+ 33. Ka2 Qd5+ 34. b3 Ra1+ 35. Kxa1 Qd1+ 36. Kb2 Qd4+ 37. c3 Qxe4 38. Qg7# 1-0


[Site "https://www.chess.com"]

[Event "Titled Tuesday Blitz April 19 Early 2022"]
[White "Matlakov, Maxim"]
[Black "Pakleza, Zbigniew"]
[WhiteFideId "4168003"]
[BlackFideId "1119290"]
[WhiteElo "2669"]
[BlackElo "2467"]
[Result "1-0"]
[Round "08"]
[TimeControl "180+1"]
[Date "2022.04.19"]
[WhiteClock "0:00:45"]
[BlackClock "0:00:09"]

1. e4 d6 2. d4 Nf6 3. Nc3 c6 4. f4 Qb6 5. Nf3 Bg4 6. Be2 Bxf3 7. Bxf3 e5 8. Be3 Qxb2 9. Kd2 Qa3 10. Qb1 b6 11. Qb3 Qa5 12. g4 h6 13. h4 Nbd7 14. g5 Ng8 15. Qc4 Ne7 16. fxe5 dxe5 17. Bg4 exd4 18. Bxd4 O-O-O 19. Ke2 hxg5 20. a4 Kb7 21. Nb5 Nf6 22. Bc3 cxb5 23. axb5 Qxa1 24. Rxa1 Nxg4 25. Rxa7+ Kxa7 26. Qc7+ Ka8 27. Qxd8+ Kb7 28. Qd7+ Kb8 29. Qxg4 gxh4 30. Be5+ Ka8 31. Qd7 Ng6 32. Qc8+ Ka7 33. Qb8# 1-0


[Site "https://www.chess.com"]

[Event "Titled Tuesday Blitz April 19 Early 2022"]
[White "Meekins, Kristopher C"]
[Black "Reprintsev, Alexander"]
[WhiteFideId "2005964"]
[BlackFideId "14100541"]
[WhiteElo "2309"]
[BlackElo "2108"]
[Result "0-1"]
[Round "08"]
[TimeControl "180+1"]
[Date "2022.04.19"]
[WhiteClock "0:00:02"]
[BlackClock "0:00:18"]

1. e4 d5 2. d4 dxe4 3. Nc3 e5 4. Bc4 Qxd4 5. Qe2 Bb4 6. Bd2 Nf6 7. f3 Bf5 8. O-O-O O-O 9. fxe4 Bxc3 10. Bxc3 Qxe4 11. Qxe4 Bxe4 12. Nf3 Bxf3 13. gxf3 Nc6 14. f4 Rfe8 15. fxe5 Nxe5 16. Bb3 Ne4 17. Bd4 c5 18. Bd5 cxd4 19. Bxe4 Nc6 20. Bxc6 bxc6 21. Rxd4 Re6 22. Rhd1 g5 23. b3 Kg7 24. Rd7 a6 25. Rf1 Rf8 26. Ra7 c5 27. Rc7 Kg6 28. Rxc5 f5 29. a4 h5 30. b4 g4 31. b5 h4 32. c4 Kg5 33. Rc7 g3 34. hxg3 hxg3 35. a5 f4 36. b6 f3 37. b7 g2 38. Rg1 Rb8 39. Rf7 Rf6 40. Rg7+ Rg6 41. Rf7 Kg4 42. c5 Kg3 43. Rc7 f2 44. Rd1 f1=Q 0-1


[Site "https://www.chess.com"]

[Event "Titled Tuesday Blitz April 19 Early 2022"]
[White "Mekhitarian, Krikor Sevag"]
[Black "Kostiukov, Alexandr"]
[WhiteFideId "2107660"]
[BlackFideId "14108100"]
[WhiteElo "2598"]
[BlackElo "2202"]
[Result "1-0"]
[Round "08"]
[TimeControl "180+1"]
[Date "2022.04.19"]
[WhiteClock "0:00:13"]
[BlackClock "0:00:01"]

1. Nf3 c5 2. c4 g6 3. d4 cxd4 4. Nxd4 Nf6 5. Nc3 Nc6 6. e4 Nxd4 7. Qxd4 d6 8. Be2 Bg7 9. Be3 O-O 10. Qd2 Ng4 11. Bxg4 Bxg4 12. O-O a6 13. Bd4 Bxd4 14. Qxd4 Rc8 15. b3 Be6 16. Rac1 Qa5 17. Rc2 b5 18. cxb5 axb5 19. Rfc1 Rfe8 20. h3 b4 21. Ne2 Rxc2 22. Rxc2 Rc8 23. Rxc8+ Bxc8 24. Qd2 Qc5 25. Nd4 Bb7 26. Nc2 Bxe4 27. Nxb4 Bb7 28. Nc2 e5 29. Ne3 d5 30. Qc2 Qb6 31. Kh2 Qd6 32. Kg1 h5 33. Qd2 Qc5 34. Qc2 Qd6 35. a4 d4 36. Nc4 Qd5 37. f3 d3 38. Qc3 e4 39. fxe4 Qxe4 40. Qd2 Qd4+ 41. Qf2 Qc3 42. Nd2 Bd5 43. Kh2 Bxb3 44. a5 Bd5 45. a6 1-0


[Site "https://www.chess.com"]